[ AOE2 MATCH · #504621761 ]
UnrankedTupi vs Britons
Player's team · WIN
Rival team · LOSS
[ REPLAY ANALYSIS · EXTRACTED FROM THE RECORDED GAME ]
Feudal
14:49
Castle
20:27
Imperial
—
| APM avg | 45.5 |
| APM peak | 69 |
| eAPM avg | 26.3 |
| Villagers / military | 46 / 0 |
Focus
⚔️ 26.1% · 🌾 73.9%
Unknown (2579) ×17
Feudal
17:16
Castle
23:03
Imperial
—
| APM avg | 65.6 |
| APM peak | 89 |
| eAPM avg | 23.3 |
| Villagers / military | 43 / 5 |
Focus
⚔️ 48.1% · 🌾 51.9%
Militia ×5
Match map
Initial resources + every placement click. Lines = walls · curves = elevation contours. ◆ gold · ⬟ stone · ● berries · ✦ relic · ◌ wall gap
Your base· ✓ Closed at 20:27 · 58t walls · 1 gate(s)
snowshawnskate's base· ✓ Closed at 23:03 · 103t walls · 2 gate(s)
Smoothed initial terrain · ◌ = detected wall gap · hover for details
Inputs per minute
— J_ - - snowshawnskate
Build order — J_
124 actions detected in the replay
| 0:00 | Queue | Villager (Male) |
| 0:01 | Queue | Villager (Male) |
| 0:02 | Build | House |
| 0:05 | Build | House |
| 0:32 | Research | Loom |
| 0:33 | Queue | Villager (Male) |
| 0:33 | Queue | Villager (Male) |
| 1:42 | Queue | Villager (Male) |
| 1:43 | Queue | Villager (Male) |
| 1:53 | Build | Palisade Wall |
| 2:14 | Build | Settlement |
| 2:34 | Build | Settlement |
| 2:37 | Queue | Villager (Male) |
| 2:37 | Queue | Villager (Male) |
| 3:07 | Queue | Villager (Male) |
| 3:07 | Queue | Villager (Male) |
| 3:39 | Queue | Villager (Male) |
| 4:09 | Queue | Villager (Male) |
| 4:31 | Queue | Villager (Male) |
| 4:31 | Queue | Villager (Male) |
| 4:46 | Queue | Villager (Male) |
| 5:07 | Queue | Villager (Male) |
| 5:07 | Queue | Villager (Male) |
| 5:08 | Queue | Villager (Male) |
| 5:23 | Queue | Villager (Male) |
| 5:43 | Queue | Villager (Male) |
| 5:53 | Queue | Villager (Male) |
| 7:21 | Build | Settlement |
| 7:53 | Queue | Villager (Male) |
| 7:57 | Queue | Villager (Male) |
| 7:57 | Queue | Villager (Male) |
| 8:01 | Build | Palisade Wall |
| 8:13 | Queue | Villager (Male) |
| 8:13 | Queue | Villager (Male) |
| 8:13 | Queue | Villager (Male) |
| 8:18 | Queue | Villager (Male) |
| 8:18 | Queue | Villager (Male) |
| 8:19 | Queue | Villager (Male) |
| 8:50 | Build | Palisade Wall |
| 8:52 | Build | Palisade Wall |
| 9:09 | Queue | Villager (Male) |
| 9:35 | Queue | Villager (Male) |
| 9:49 | Build | Settlement |
| 9:53 | Build | Palisade Wall |
| 9:55 | Build | Palisade Wall |
| 10:27 | Queue | Villager (Male) |
| 10:43 | Build | Palisade Wall |
| 10:47 | Build | Palisade Wall |
| 10:49 | Build | Palisade Wall |
| 11:12 | Build | Palisade Wall |
| 11:18 | Queue | Villager (Male) |
| 11:20 | Build | Farm |
| 11:21 | Build | Farm |
| 11:44 | Queue | Villager (Male) |
| 11:46 | Build | Farm |
| 12:08 | Build | Palisade Wall |
| 12:09 | Build | Palisade Wall |
| 12:10 | Build | Palisade Wall |
| 12:11 | Build | Palisade Wall |
| 12:21 | Build | House |
| 12:28 | Build | House |
| 12:39 | Research | Feudal Age |
| 12:39 | Research | Feudal Age |
| 13:09 | Build | Palisade Wall |
| 14:16 | Build | Farm |
| 14:19 | Build | Farm |
| 14:23 | Build | Farm |
| 14:47 | Build | Palisade Wall |
| 14:49 | Age | Feudal Age |
| 14:52 | Queue | Villager (Male) |
| 14:59 | Build | Market |
| 15:01 | Queue | Villager (Male) |
| 15:09 | Build | Stone Wall |
| 15:16 | Build | Stone Wall |
| 15:17 | Build | Stone Wall |
| 15:53 | Queue | Villager (Male) |
| 15:57 | Build | Settlement |
| 16:08 | Build | Stone Wall |
| 16:32 | Queue | Villager (Male) |
| 17:07 | Build | Stone Wall |
| 17:13 | Queue | Villager (Male) |
| 17:15 | Build | Blacksmith |
| 17:24 | Build | Watch Tower |
| 17:47 | Research | Castle Age |
| 18:09 | Build | Stone Wall |
| 18:37 | Build | Palisade Gate |
| 18:53 | Research | Double-Bit Axe |
| 18:53 | Research | Double-Bit Axe |
| 19:10 | Build | Farm |
| 19:29 | Research | Horse Collar |
| 19:29 | Research | Horse Collar |
| 20:27 | Age | Castle Age |
| 20:37 | Build | Castle |
| 20:41 | Build | House |
| 20:43 | Queue | Villager (Male) |
| 20:49 | Queue | Villager (Male) |
| 20:55 | Research | Fletching |
| 21:24 | Build | Stone Wall |
| 21:29 | Build | Stone Wall |
| 21:36 | Queue | Villager (Male) |
| 21:38 | Build | Farm |
| 21:44 | Queue | Unit 2579 |
| 21:44 | Queue | Unit 2579 |
| 21:48 | Queue | Villager (Male) |
| 21:54 | Queue | Unit 2579 |
| 21:54 | Queue | Unit 2579 |
| 22:07 | Build | House |
| 22:12 | Queue | Unit 2579 |
| 22:51 | Queue | Unit 2579 |
| 23:13 | Research | Bodkin Arrow |
| 23:13 | Research | Bodkin Arrow |
| 23:31 | Queue | Unit 2579 |
| 23:31 | Queue | Unit 2579 ×4 |
| 23:31 | Queue | Unit 2579 ×3 |
| 24:06 | Queue | Unit 2579 |
| 24:06 | Queue | Unit 2579 |
| 24:17 | Queue | Villager (Male) |
| 24:17 | Queue | Villager (Male) |
| 24:19 | Build | Farm |
| 24:23 | Build | Farm |
| 24:23 | Build | Farm |
| 24:23 | Build | Farm |
| 24:23 | Build | Farm |
| 24:25 | Queue | Unit 2579 |
Build order — snowshawnskate
First 150 of 166 actions detected
| 0:00 | Queue | Villager (Male) |
| 0:01 | Queue | Villager (Male) |
| 0:03 | Build | House |
| 0:04 | Build | House |
| 0:14 | Research | Loom |
| 0:26 | Queue | Villager (Male) |
| 0:29 | Queue | Villager (Male) |
| 0:40 | Queue | Villager (Male) |
| 0:57 | Build | Palisade Wall |
| 1:42 | Queue | Villager (Male) |
| 1:49 | Build | Palisade Wall |
| 1:56 | Build | House |
| 2:33 | Queue | Villager (Male) |
| 2:35 | Build | Palisade Wall |
| 2:40 | Build | Palisade Wall |
| 2:49 | Build | Palisade Wall |
| 2:51 | Build | Palisade Wall |
| 3:02 | Build | Palisade Wall |
| 3:07 | Build | Palisade Wall |
| 3:08 | Queue | Villager (Male) |
| 3:10 | Queue | Villager (Male) |
| 3:19 | Build | House |
| 3:20 | Build | Palisade Wall |
| 3:27 | Queue | Villager (Male) |
| 3:54 | Queue | Villager (Male) |
| 4:48 | Queue | Villager (Male) |
| 4:51 | Queue | Villager (Male) |
| 5:28 | Queue | Villager (Male) |
| 5:53 | Queue | Villager (Male) |
| 6:05 | Build | Barracks |
| 6:05 | Queue | Villager (Male) |
| 6:10 | Queue | Villager (Male) |
| 6:32 | Queue | Villager (Male) |
| 6:39 | Queue | Militia |
| 6:55 | Queue | Militia |
| 6:56 | Queue | Villager (Male) |
| 7:19 | Queue | Villager (Male) |
| 7:29 | Queue | Villager (Male) |
| 7:54 | Queue | Villager (Male) |
| 7:59 | Queue | Militia |
| 8:08 | Queue | Villager (Male) |
| 8:42 | Build | Palisade Wall |
| 8:50 | Build | Palisade Wall |
| 8:56 | Queue | Villager (Male) |
| 9:03 | Queue | Villager (Male) |
| 9:30 | Build | Palisade Wall |
| 9:30 | Build | Palisade Wall |
| 9:34 | Queue | Villager (Male) |
| 9:38 | Queue | Villager (Male) |
| 9:38 | Queue | Villager (Male) |
| 9:44 | Build | Palisade Wall |
| 9:45 | Build | Palisade Wall |
| 9:45 | Build | Palisade Wall |
| 9:54 | Build | Lumber Camp |
| 10:06 | Build | Palisade Wall |
| 10:14 | Build | Palisade Wall |
| 10:15 | Build | Palisade Wall |
| 10:17 | Build | Palisade Wall |
| 10:21 | Queue | Villager (Male) |
| 10:26 | Build | Palisade Wall |
| 10:40 | Build | Mill |
| 10:41 | Build | House |
| 10:47 | Build | Palisade Wall |
| 10:49 | Build | Palisade Wall |
| 10:50 | Build | Palisade Wall |
| 10:51 | Build | Palisade Wall |
| 10:54 | Queue | Villager (Male) |
| 11:06 | Build | House |
| 11:12 | Build | Palisade Wall |
| 11:18 | Queue | Villager (Male) |
| 11:20 | Build | Palisade Wall |
| 11:29 | Build | Palisade Wall |
| 11:36 | Build | House |
| 11:53 | Queue | Villager (Male) |
| 12:05 | Build | Palisade Wall |
| 12:06 | Build | Palisade Wall |
| 12:08 | Queue | Villager (Male) |
| 12:10 | Build | Palisade Wall |
| 12:11 | Queue | Villager (Male) |
| 12:27 | Build | Mining Camp |
| 12:31 | Build | Mill |
| 12:35 | Queue | Villager (Male) |
| 12:41 | Queue | Villager (Male) |
| 12:50 | Build | Palisade Wall |
| 12:52 | Build | Palisade Wall |
| 12:53 | Build | Palisade Wall |
| 12:58 | Build | Palisade Wall |
| 13:00 | Build | Palisade Wall |
| 13:03 | Build | Palisade Wall |
| 13:04 | Queue | Villager (Male) |
| 13:13 | Build | Palisade Gate |
| 13:16 | Queue | Villager (Male) |
| 13:26 | Build | Palisade Wall |
| 13:28 | Build | Palisade Wall |
| 13:29 | Build | Palisade Wall |
| 13:31 | Build | Palisade Wall |
| 13:31 | Queue | Villager (Male) |
| 13:34 | Queue | Villager (Male) |
| 13:47 | Build | Palisade Wall |
| 13:48 | Queue | Villager (Male) |
| 13:51 | Build | Palisade Wall |
| 14:06 | Queue | Villager (Male) |
| 14:21 | Build | Palisade Wall |
| 14:24 | Build | Barracks |
| 14:28 | Build | Palisade Wall |
| 14:34 | Queue | Villager (Male) |
| 14:36 | Build | Palisade Wall |
| 14:42 | Build | Palisade Wall |
| 14:44 | Build | Palisade Wall |
| 15:02 | Build | Palisade Wall |
| 15:02 | Build | Palisade Wall |
| 15:06 | Research | Feudal Age |
| 15:09 | Build | Palisade Wall |
| 15:11 | Build | House |
| 15:25 | Build | Palisade Wall |
| 15:27 | Build | Palisade Wall |
| 15:32 | Queue | Militia |
| 15:32 | Queue | Militia |
| 16:41 | Build | Palisade Wall |
| 16:42 | Build | Palisade Wall |
| 16:44 | Build | Palisade Wall |
| 16:47 | Build | Palisade Wall |
| 16:50 | Build | Palisade Wall |
| 17:02 | Build | Palisade Wall |
| 17:04 | Build | Palisade Wall |
| 17:11 | Build | Palisade Wall |
| 17:14 | Build | Palisade Wall |
| 17:16 | Age | Feudal Age |
| 17:20 | Build | Palisade Wall |
| 17:29 | Build | Farm |
| 17:29 | Build | Farm |
| 17:29 | Build | Farm |
| 17:29 | Build | Farm |
| 17:30 | Build | Farm |
| 17:30 | Build | Farm |
| 17:30 | Build | Farm |
| 17:30 | Build | Farm |
| 17:31 | Build | Farm |
| 17:31 | Build | Farm |
| 17:31 | Build | Farm |
| 17:38 | Build | Palisade Wall |
| 17:44 | Research | Wheelbarrow |
| 17:57 | Build | Stone Wall |
| 18:05 | Build | Stone Wall |
| 18:49 | Build | House |
| 19:03 | Build | House |
| 19:15 | Build | Palisade Wall |
| 19:26 | Build | Market |
| 19:28 | Build | Blacksmith |
| 19:47 | Build | House |
Match timeline
| 0:57 | snowshawnskate · wall_segment Palisade Wall x5 |
| 1:49 | snowshawnskate · wall_segment Palisade Wall x1 |
| 1:53 | J_ · wall_segment Palisade Wall x5 |
| 2:35 | snowshawnskate · wall_segment Palisade Wall x1 |
| 2:40 | snowshawnskate · wall_segment Palisade Wall x1 |
| 2:49 | snowshawnskate · wall_segment Palisade Wall x1 |
| 2:51 | snowshawnskate · wall_segment Palisade Wall x1 |
| 3:02 | snowshawnskate · wall_segment Palisade Wall x1 |
| 3:07 | snowshawnskate · wall_segment Palisade Wall x1 |
| 3:20 | snowshawnskate · wall_segment Palisade Wall x1 |
| 6:05 | snowshawnskate · first_building Barracks |
| 8:01 | J_ · wall_segment Palisade Wall x1 |
| 8:42 | snowshawnskate · wall_segment Palisade Wall x1 |
| 8:50 | snowshawnskate · wall_segment Palisade Wall x1 |
| 8:50 | J_ · wall_segment Palisade Wall x3 |
| 8:52 | J_ · wall_segment Palisade Wall x4 |
| 9:30 | snowshawnskate · wall_segment Palisade Wall x1 |
| 9:30 | snowshawnskate · wall_segment Palisade Wall x1 |
| 9:44 | snowshawnskate · wall_segment Palisade Wall x1 |
| 9:45 | snowshawnskate · wall_segment Palisade Wall x1 |
| 9:45 | snowshawnskate · wall_segment Palisade Wall x1 |
| 9:53 | J_ · wall_segment Palisade Wall x3 |
| 9:55 | J_ · wall_segment Palisade Wall x4 |
| 10:06 | snowshawnskate · wall_segment Palisade Wall x1 |
| 10:14 | snowshawnskate · wall_segment Palisade Wall x1 |
| 10:15 | snowshawnskate · wall_segment Palisade Wall x1 |
| 10:17 | snowshawnskate · wall_segment Palisade Wall x2 |
| 10:26 | snowshawnskate · wall_segment Palisade Wall x1 |
| 10:43 | J_ · wall_segment Palisade Wall x3 |
| 10:47 | snowshawnskate · wall_segment Palisade Wall x1 |
| 10:47 | J_ · wall_segment Palisade Wall x3 |
| 10:49 | J_ · wall_segment Palisade Wall x1 |
| 10:49 | snowshawnskate · wall_segment Palisade Wall x1 |
| 10:50 | snowshawnskate · wall_segment Palisade Wall x1 |
| 10:51 | snowshawnskate · wall_segment Palisade Wall x1 |
| 11:12 | snowshawnskate · wall_segment Palisade Wall x1 |
| 11:12 | J_ · wall_segment Palisade Wall x1 |
| 11:20 | snowshawnskate · wall_segment Palisade Wall x1 |
| 11:29 | snowshawnskate · wall_segment Palisade Wall x1 |
| 12:05 | snowshawnskate · wall_segment Palisade Wall x1 |
| 12:06 | snowshawnskate · wall_segment Palisade Wall x1 |
| 12:08 | J_ · wall_segment Palisade Wall x1 |
| 12:09 | J_ · wall_segment Palisade Wall x1 |
| 12:10 | snowshawnskate · wall_segment Palisade Wall x1 |
| 12:10 | J_ · wall_segment Palisade Wall x1 |
| 12:11 | J_ · wall_segment Palisade Wall x1 |
| 12:50 | snowshawnskate · wall_segment Palisade Wall x1 |
| 12:52 | snowshawnskate · wall_segment Palisade Wall x1 |
| 12:53 | snowshawnskate · wall_segment Palisade Wall x1 |
| 12:58 | snowshawnskate · wall_segment Palisade Wall x1 |
| 13:00 | snowshawnskate · wall_segment Palisade Wall x1 |
| 13:03 | snowshawnskate · wall_segment Palisade Wall x1 |
| 13:09 | J_ · wall_segment Palisade Wall x1 |
| 13:26 | snowshawnskate · wall_segment Palisade Wall x1 |
| 13:28 | snowshawnskate · wall_segment Palisade Wall x1 |
| 13:29 | snowshawnskate · wall_segment Palisade Wall x1 |
| 13:31 | snowshawnskate · wall_segment Palisade Wall x1 |
| 13:47 | snowshawnskate · wall_segment Palisade Wall x1 |
| 13:51 | snowshawnskate · wall_segment Palisade Wall x1 |
| 14:21 | snowshawnskate · wall_segment Palisade Wall x1 |
| 14:28 | snowshawnskate · wall_segment Palisade Wall x1 |
| 14:36 | snowshawnskate · wall_segment Palisade Wall x1 |
| 14:42 | snowshawnskate · wall_segment Palisade Wall x1 |
| 14:44 | snowshawnskate · wall_segment Palisade Wall x1 |
| 14:47 | J_ · wall_segment Palisade Wall x5 |
| 14:49 | J_ · age_up feudal |
| 15:02 | snowshawnskate · wall_segment Palisade Wall x1 |
| 15:02 | snowshawnskate · wall_segment Palisade Wall x1 |
| 15:09 | snowshawnskate · wall_segment Palisade Wall x1 |
| 15:09 | J_ · wall_segment Stone Wall x12 |
| 15:16 | J_ · wall_segment Stone Wall x1 |
| 15:17 | J_ · wall_segment Stone Wall x1 |
| 15:25 | snowshawnskate · wall_segment Palisade Wall x1 |
| 15:27 | snowshawnskate · wall_segment Palisade Wall x1 |
| 16:08 | J_ · wall_segment Stone Wall x6 |
| 16:14 | J_ · first_market_sell 100 stone |
| 16:15 | J_ · first_market_buy 100 food |
| 16:41 | snowshawnskate · wall_segment Palisade Wall x1 |
| 16:42 | snowshawnskate · wall_segment Palisade Wall x1 |
| 16:44 | snowshawnskate · wall_segment Palisade Wall x1 |
| 16:47 | snowshawnskate · wall_segment Palisade Wall x1 |
| 16:50 | snowshawnskate · wall_segment Palisade Wall x1 |
| 17:02 | snowshawnskate · wall_segment Palisade Wall x1 |
| 17:04 | snowshawnskate · wall_segment Palisade Wall x1 |
| 17:07 | J_ · wall_segment Stone Wall x6 |
| 17:11 | snowshawnskate · wall_segment Palisade Wall x1 |
| 17:14 | snowshawnskate · wall_segment Palisade Wall x1 |
| 17:16 | snowshawnskate · age_up feudal |
| 17:20 | snowshawnskate · wall_segment Palisade Wall x1 |
| 17:38 | snowshawnskate · wall_segment Palisade Wall x1 |
| 17:57 | snowshawnskate · wall_segment Stone Wall x9 |
| 18:05 | snowshawnskate · wall_segment Stone Wall x8 |
| 18:09 | J_ · wall_segment Stone Wall x5 |
| 19:15 | snowshawnskate · wall_segment Palisade Wall x1 |
| 20:16 | snowshawnskate · wall_segment Stone Wall x1 |
| 20:16 | snowshawnskate · wall_segment Stone Wall x1 |
| 20:27 | J_ · age_up castle |
| 20:37 | J_ · first_building Castle |
| 21:03 | snowshawnskate · wall_segment Palisade Wall x1 |
| 21:24 | J_ · wall_segment Stone Wall x4 |
| 21:29 | J_ · wall_segment Stone Wall x6 |
| 21:38 | snowshawnskate · first_market_sell 100 wood |
| 21:40 | snowshawnskate · first_market_buy 100 stone |
| 22:02 | snowshawnskate · wall_segment Stone Wall x6 |
| 22:14 | snowshawnskate · wall_segment Stone Wall x15 |
| 22:17 | snowshawnskate · wall_segment Stone Wall x1 |
| 23:03 | snowshawnskate · age_up castle |
| 23:07 | snowshawnskate · first_building Castle |
| 24:27 | snowshawnskate · resign |
[ AI ANALYSIS · 1 CREDIT ]
What really happened in this match?
Wolo.gg analyzes every decision: build order, eco, micro, common mistakes by bracket. Personalized analysis on WhatsApp or Discord in 30 seconds.
Civ guide
Tupi
Perfil
Jugador #14482502